Map: Pride of Altaris LE

Players

Archetype - Winner!

  • Race: Protoss Protoss
  • League: Master

Orion

  • Race: Terran Terran
  • League: Diamond

VOD

Have the link to the VOD?

Description

Time

  • Played on: April 20, 2022, 3:58 p.m.
  • Length: 8:40
Show
View Real Time Build Order
Export as new Build Order

Archetype Protoss - Winner!

Build Orders: 1 Gate Expand, Colossus Rush 

Get SALT Encoding   

  12  0:00  Probe  
  13  0:12  Probe  
  14  0:18  Pylon  
  14  0:24  Probe (Chrono Boost)  
  15  0:37  Probe (Chrono Boost)  
  15  0:39  Gateway  
  16  0:44  Probe (Chrono Boost)  
  16  0:46  Assimilator  
  17  0:51  Probe  
  18  1:03  Probe (Chrono Boost)  
  19  1:13  Probe (Chrono Boost)  
  19  1:18  Probe (Chrono Boost)  
  21  1:29  Nexus  
  21  1:39  Cybernetics Core  
  21  1:47  Pylon  
  21  1:52  Assimilator  
  21  2:00  Probe  
  22  2:12  Probe, Stalker (Chrono Boost)  
  24  2:16  Warp Gate  
  24  2:24  Probe, Robotics Facility  
  25  2:39  Probe  
  26  2:46  Probe  
  27  2:51  Probe  
  28  2:58  Probe  
  28  3:03  Probe  
  30  3:10  Probe  
  30  3:11  Warp Prism (Chrono Boost)  
  31  3:15  Probe  
  31  3:17  Robotics Bay  
  34  3:22  Probe  
  34  3:34  Probe  
  34  3:35  Probe  
  34  3:40  Observer  
  37  3:44  Gateway x2  
  37  3:46  Probe, Pylon  
  38  3:49  Probe  
  39  3:56  Pylon  
  39  3:58  Probe  
  39  4:01  Probe  
  42  4:04  Colossus (Chrono Boost)  
  47  4:10  Probe  
  48  4:21  Probe  
  48  4:22  Probe  
  50  4:33  Probe  
  50  4:35  Probe  
  50  4:37  Pylon  
  52  4:40  Zealot x3  
  58  4:51  Probe x2  
  58  4:52  Colossus (Chrono Boost)  
  66  5:03  Probe, Observer  
  61  5:20  Nexus  
  61  5:21  Pylon  
  61  5:29  Probe  
  61  5:30  Probe  
  63  5:42  Probe x2  
  65  5:46  Shield Battery  
  65  5:51  Colossus  
  65  5:54  Probe x2 (Chrono Boost)  
  65  5:55  Extended Thermal Lance  
  73  5:59  Twilight Council  
  75  6:05  Probe (Chrono Boost), Assimilator  
  75  6:06  Probe (Chrono Boost)  
  75  6:08  Assimilator  
  75  6:19  Gateway x2  
  75  6:20  Gateway  
  75  6:26  Pylon  
  75  6:43  Zealot x3  
  79  6:54  Charge (Chrono Boost)  
  77  7:04  Stalker x3  
  77  7:05  Probe x3  
  80  7:17  Probe x2  
  80  7:20  Probe  
  81  7:22  Zealot  
  81  7:23  Zealot x5  
  81  7:29  Probe x2  
  95  7:32  Probe, Immortal (Chrono Boost)  
  95  7:36  Forge x2  
  100  7:41  Probe  
  101  7:58  Probe  
  101  8:05  Pylon  
  101  8:07  Pylon  
  101  8:10  Pylon  
  101  8:16  Assimilator  
  101  8:17  Assimilator  
  101  8:19  Probe x2  
  101  8:24  Zealot x4  
  101  8:25  Zealot x2  
Show
View Real Time Build Order
Export as new Build Order

Orion Terran 

Build Orders: Reaper Expand 

Get SALT Encoding   

  12  0:00  SCV  
  13  0:12  SCV  
  14  0:16  Supply Depot  
  14  0:24  SCV  
  15  0:38  SCV, Barracks  
  16  0:42  Refinery  
  16  0:50  SCV  
  17  1:02  SCV  
  18  1:14  SCV  
  19  1:28  Orbital Command  
  19  1:29  Reaper  
  20  1:42  Command Center  
  20  1:53  Supply Depot  
  20  1:55  SCV  
  20  2:01  Marine  
  22  2:07  SCV  
  23  2:11  Factory  
  23  2:20  SCV  
  24  2:23  Bunker  
  24  2:28  Barracks Reactor, Refinery  
  24  2:32  SCV  
  25  2:44  SCV  
  26  2:54  Orbital Command  
  26  2:56  SCV  
  26  2:58  Widow Mine  
  29  3:02  Starport  
  29  3:05  Marine  
  29  3:06  Marine  
  29  3:10  SCV  
  32  3:23  Marine  
  32  3:24  Widow Mine  
  35  3:29  SCV  
  35  3:32  SCV  
  36  3:41  SCV  
  36  3:42  Medivac  
  36  3:43  Marine  
  36  3:44  SCV, Marine  
  36  3:45  Widow Mine  
  36  3:47  Supply Depot  
  44  3:55  Barracks  
  44  3:56  Barracks  
  44  4:03  Armory  
  44  4:04  Marine x2  
  44  4:09  Factory Tech Lab  
  46  4:13  Starport Tech Lab  
  46  4:17  SCV x2  
  46  4:22  Refinery  
  48  4:28  Supply Depot  
  48  4:29  SCV x2  
  50  4:33  Refinery  
  50  4:35  Raven  
  52  4:41  SCV  
  52  4:42  Marine  
  54  4:48  Barracks Tech Lab  
  54  4:49  SCV, Marine  
  56  4:53  SCV, Barracks Reactor  
  57  5:05  Marine  
  57  5:06  SCV, Siege Tank  
  62  5:18  Supply Depot  
  62  5:21  SCV x2, Marine  
  62  5:25  Marauder  
  62  5:27  Marine  
  64  5:33  SCV x2  
  66  5:39  Siege Tank  
  66  5:40  Supply Depot  
  69  5:42  Marauder  
  69  5:43  Marine  
  69  5:45  SCV x2  
  72  5:50  Supply Depot  
  72  5:52  Medivac x2  
  76  5:57  SCV x2  
  76  5:59  Engineering Bay  
  76  6:02  Marauder  
  76  6:04  Concussive Shells  
  80  6:05  Marine x2  
  80  6:06  Marauder  
  80  6:09  SCV x2  
  86  6:16  Supply Depot  
  86  6:17  Siege Tank  
  89  6:19  Supply Depot  
  89  6:22  Marine  
  89  6:23  Marine  
  91  6:32  Marauder  
  93  6:38  Marauder, Medivac x2  
  99  6:43  Marine  
  99  6:44  SCV x2, Marine  
  98  7:02  SCV x2  
  98  7:07  Viking x2  
  102  7:16  Marauder, Marine x2  
  102  7:18  Barracks Tech Lab  
  106  7:34  Missile Turret x2, Marine x2  
  106  7:36  SCV x2  
  110  7:52  SCV, Marine  
  110  8:19  SCV  
  110  8:21  SCV, Marine  
Tags
 
Add a new tag
Caveats
  • Supply blocks, unpowered buildings, or Contaminate may cause inaccurate times.
  • Supply counts are checked every 10 seconds.